Map: Blackpink LE

Players

ShoWTimE - Winner!

  • Race: Protoss Protoss
  • League: Grandmaster
  • Spawn Location: 1:00

Namshar

  • Race: Zerg Zerg
  • League: Grandmaster
  • Spawn Location: 7:00

Event: HomeStory Cup XVI

VOD

Have the link to the VOD?

Description

Time

  • Played on: Nov. 11, 2017, 9:32 a.m.
  • Length: 17:55

All games in this series

Show
View Real Time Build Order
Export as new Build Order

ShoWTimE Protoss - Winner!

Build Orders: 1 Gate Expand, Phoenix Opening 

Get SALT Encoding   

  12  0:02  Probe (Chrono Boost)  
  13  0:14  Probe (Chrono Boost), Pylon  
  14  0:22  Probe (Chrono Boost)  
  15  0:35  Gateway  
  15  0:40  Probe (Chrono Boost)  
  16  0:43  Assimilator  
  16  0:52  Probe (Chrono Boost)  
  18  1:04  Probe (Chrono Boost)  
  18  1:10  Gateway  
  18  1:16  Probe (Chrono Boost)  
  19  1:22  Cybernetics Core  
  19  1:40  Nexus  
  19  1:47  Pylon  
  19  1:50  Adept x2  
  23  2:07  Probe (Chrono Boost)  
  24  2:15  Adept x2  
  24  2:19  Probe (Chrono Boost)  
  29  2:23  Assimilator  
  30  2:31  Probe (Chrono Boost)  
  30  2:32  Pylon  
  30  2:35  Warp Gate  
  30  2:43  Probe (Chrono Boost)  
  31  2:49  Probe (Chrono Boost)  
  31  2:50  Adept  
  33  2:55  Probe (Chrono Boost)  
  33  2:56  Probe (Chrono Boost)  
  36  3:08  Probe x2 (Chrono Boost)  
  40  3:20  Probe (Chrono Boost)  
  40  3:21  Probe (Chrono Boost), Stargate  
  36  3:30  Probe (Chrono Boost)  
  36  3:32  Adept, Shield Battery, Probe (Chrono Boost)  
  36  3:34  Adept  
  36  3:36  Probe (Chrono Boost)  
  39  3:44  Probe (Chrono Boost)  
  39  3:47  Probe (Chrono Boost)  
  41  3:52  Assimilator  
  41  3:54  Phoenix  
  42  3:55  Assimilator  
  42  3:56  Probe (Chrono Boost)  
  42  3:59  Probe (Chrono Boost)  
  43  4:08  Probe (Chrono Boost)  
  47  4:11  Probe (Chrono Boost)  
  47  4:13  Pylon  
  47  4:18  Gateway, Probe (Chrono Boost)  
  47  4:20  Probe (Chrono Boost)  
  47  4:21  Oracle  
  52  4:25  Probe (Chrono Boost)  
  54  4:32  Probe (Chrono Boost), Pylon  
  54  4:37  Probe (Chrono Boost)  
  55  4:42  Adept  
  55  4:44  Probe (Chrono Boost)  
  58  4:49  Probe (Chrono Boost)  
  58  4:52  Sentry  
  61  4:56  Probe (Chrono Boost)  
  62  5:00  Nexus  
  62  5:04  Pylon  
  62  5:05  Probe (Chrono Boost)  
  63  5:08  Oracle  
  63  5:13  Probe (Chrono Boost)  
  67  5:17  Probe (Chrono Boost)  
  67  5:18  Robotics Facility  
  68  5:25  Probe (Chrono Boost)  
  70  5:28  Sentry  
  70  5:29  Probe (Chrono Boost), Sentry  
  70  5:34  Shield Battery  
  74  5:37  Probe (Chrono Boost), Pylon  
  74  5:41  Probe (Chrono Boost)  
  74  5:42  Pylon  
  76  5:48  Twilight Council  
  76  5:49  Forge  
  77  5:51  Probe (Chrono Boost)  
  77  5:53  Probe (Chrono Boost)  
  78  6:03  Probe (Chrono Boost)  
  80  6:05  Probe (Chrono Boost)  
  80  6:12  Observer  
  80  6:14  Blink, Protoss Ground Weapons Level 1  
  80  6:15  Probe (Chrono Boost)  
  80  6:18  Probe (Chrono Boost), Robotics Bay  
  83  6:21  Probe (Chrono Boost)  
  83  6:24  Assimilator  
  84  6:26  Assimilator  
  84  6:27  Probe (Chrono Boost)  
  84  6:29  Warp Prism  
  84  6:30  Probe (Chrono Boost)  
  87  6:33  Probe (Chrono Boost)  
  87  6:38  Gateway  
  87  6:39  Probe (Chrono Boost)  
  90  6:41  Gateway  
  90  6:42  Probe (Chrono Boost)  
  90  6:46  Colossus  
  91  6:47  Gateway  
  91  6:56  Gateway  
  91  7:06  Extended Thermal Lance  
  91  7:07  Gateway  
  97  7:15  Stalker x3  
  103  7:19  Shield Battery  
  103  7:20  Shield Battery  
  103  7:21  Shield Battery  
  103  7:23  Pylon  
  103  7:24  Colossus  
  103  7:32  Shield Battery, Pylon  
  103  7:38  Sentry x2  
  103  7:39  Sentry  
  115  7:45  Pylon x2  
  115  7:53  Stalker x3  
  115  7:56  Colossus  
  111  8:01  Pylon x2  
  111  8:05  Pylon  
  109  8:12  Stalker x3  
  105  8:18  Protoss Ground Weapons Level 2  
  99  8:23  Stalker x3  
  99  8:24  Charge  
  102  8:28  Pylon  
  98  8:35  Probe x3 (Chrono Boost)  
  98  8:37  Pylon  
  98  8:47  Probe (Chrono Boost)  
  99  8:48  Zealot x4  
  99  8:50  Sentry  
  99  8:51  Sentry  
  111  9:00  Colossus  
  115  9:06  Stalker  
  118  9:14  Templar Archives  
  117  9:25  Nexus  
  117  9:28  Pylon  
  117  9:33  Pylon  
  117  9:39  Stalker x2  
  117  9:40  Stalker x2  
  127  9:46  Probe (Chrono Boost)  
  127  9:47  Probe (Chrono Boost)  
  127  9:53  High Templar  
  127  9:54  High Templar x3  
  127  9:56  Shield Battery  
  127  9:58  Photon Cannon  
  127  9:59  Photon Cannon  
  135  10:00  Shield Battery  
  135  10:01  Photon Cannon  
  135  10:04  Archon x2, Shield Battery  
  135  10:08  Immortal  
  142  10:15  Probe x3 (Chrono Boost)  
  142  10:18  Shield Battery  
  142  10:21  High Templar x2  
  146  10:23  Protoss Ground Weapons Level 3  
  146  10:25  Archon  
  146  10:28  Photon Cannon  
  146  10:33  Zealot  
  146  10:34  Zealot x2  
  146  10:35  Zealot  
  150  10:41  Immortal  
  150  10:43  Photon Cannon  
  150  10:47  Shield Battery  
  154  10:54  Zealot x4  
  162  11:00  Assimilator  
  162  11:01  Psionic Storm  
  162  11:03  Assimilator  
  154  11:11  Zealot x4  
  154  11:15  High Templar x3  
  154  11:29  High Templar  
  156  11:33  Immortal  
  160  11:42  High Templar x2  
  164  11:47  Photon Cannon  
  164  11:50  Shield Battery  
  164  11:51  Pylon  
  164  11:52  Zealot x5  
  174  12:04  Zealot  
  172  12:10  Nexus  
  172  12:11  Pylon  
  172  12:15  Immortal  
  176  12:17  Robotics Facility  
  176  12:19  High Templar x4  
  184  12:23  Archon x2  
  184  12:25  Pylon  
  184  12:32  Zealot x4  
  192  12:53  Zealot x5  
  194  13:06  Protoss Shields Level 1  
  174  13:17  Zealot x2  
  174  13:18  Zealot x6  
  158  13:20  Immortal  
  158  13:25  Immortal  
  166  13:29  Probe (Chrono Boost)  
  166  13:30  Photon Cannon, Probe (Chrono Boost)  
  166  13:32  Photon Cannon  
  166  13:34  Shield Battery  
  168  13:36  Shield Battery  
  168  13:39  High Templar x5  
  164  13:46  Assimilator  
  164  13:47  High Templar x2  
  164  13:48  Assimilator  
  166  13:54  Gateway, Archon  
  166  13:56  Gateway  
  166  14:02  Shield Battery  
  164  14:04  Shield Battery  
  164  14:05  Zealot x3  
  170  14:14  Immortal  
  172  14:18  Zealot x3  
  172  14:21  Immortal  
  182  14:27  Zealot x2  
  186  14:34  Zealot x3  
  177  14:41  Zealot x2  
  177  14:42  Zealot  
  172  14:51  Probe x2 (Chrono Boost)  
  172  14:52  Probe x2 (Chrono Boost)  
  167  14:53  Probe (Chrono Boost)  
  167  14:58  Zealot x2  
  167  14:59  Zealot  
  169  15:03  Probe (Chrono Boost)  
  169  15:04  Probe x2 (Chrono Boost)  
  169  15:05  High Templar x4  
  180  15:08  Archon  
  180  15:09  Archon  
  180  15:13  Observer  
  181  15:19  Photon Cannon  
  179  15:21  High Templar x4  
  179  15:23  Warp Prism  
  179  15:24  Protoss Shields Level 2  
  179  15:26  Archon x2  
  189  15:37  High Templar x4  
  189  15:42  Archon x2  
  197  15:47  Gateway  
  197  15:52  Gateway  
  197  15:55  Gateway  
  191  15:57  Gateway  
  191  16:02  High Templar x4  
  167  16:10  Zealot x4  
  154  16:13  Immortal  
  154  16:14  Immortal  
  138  16:40  High Templar x8  
  138  16:45  Archon x3  
  154  16:47  Archon  
  154  16:48  Observer  
  147  17:02  Immortal  
  151  17:09  Immortal  
  151  17:13  Zealot x10  
  175  17:21  Archon x2  
  159  17:26  Zealot x2  
  159  17:33  Zealot x6  
  171  17:42  High Templar x4  
  173  17:46  Archon x2  
  173  17:50  Nexus  
  173  17:52  Pylon  
Show
View Real Time Build Order
Export as new Build Order

Namshar Zerg 

Build Orders: Hatch First 

Get SALT Encoding   

  12  0:00  Drone  
  13  0:12  Overlord  
  13  0:17  Drone  
  14  0:30  Drone x2  
  14  0:34  Drone  
  17  0:51  Hatchery  
  17  0:54  Drone  
  17  0:57  Drone  
  18  1:08  Extractor  
  17  1:12  Spawning Pool  
  17  1:15  Drone  
  17  1:18  Drone  
  18  1:27  Drone  
  19  1:38  Overlord  
  19  1:50  Drone  
  20  1:58  Queen  
  20  1:59  Zergling x2  
  23  2:02  Queen  
  23  2:03  Zergling x2  
  23  2:07  Metabolic Boost  
  26  2:10  Drone  
  26  2:14  Drone  
  28  2:21  Zergling x2  
  29  2:25  Zergling x2  
  30  2:34  Zergling x2  
  30  2:35  Zergling x2  
  31  2:56  Overlord  
  31  2:57  Hatchery  
  31  2:58  Drone x3  
  31  3:05  Drone  
  34  3:10  Zergling x4  
  34  3:24  Drone x6  
  36  3:31  Drone  
  36  3:38  Drone  
  36  3:41  Drone  
  38  3:44  Queen  
  40  3:52  Overlord  
  40  3:54  Drone  
  41  3:58  Drone  
  41  4:03  Drone x2  
  41  4:06  Overlord  
  43  4:18  Drone x2  
  43  4:19  Queen  
  43  4:21  Extractor, Drone x2  
  43  4:24  Drone x4  
  49  4:27  Lair  
  52  4:31  Overlord  
  52  4:38  Drone x4  
  56  4:42  Spore Crawler  
  56  4:44  Spore Crawler  
  54  4:51  Drone  
  54  4:52  Spore Crawler  
  53  4:55  Drone  
  53  4:56  Drone x2  
  53  4:57  Baneling Nest  
  53  4:59  Drone  
  56  5:01  Overlord  
  56  5:06  Drone x3  
  59  5:09  Overlord  
  59  5:12  Drone  
  59  5:13  Extractor  
  59  5:14  Extractor, Drone  
  60  5:15  Drone  
  59  5:23  Drone x2  
  59  5:28  Overlord  
  61  5:29  Zergling x12  
  67  5:40  Hydralisk Den  
  67  5:42  Drone x2  
  68  5:43  Drone x2  
  68  5:44  Drone x2  
  68  5:48  Baneling x2  
  68  5:49  Baneling x2, Drone  
  73  5:50  Drone x3  
  73  5:53  Extractor  
  75  5:58  Drone  
  76  6:04  Drone  
  76  6:05  Drone  
  76  6:06  Overlord  
  76  6:11  Muscular Augments  
  77  6:13  Drone x2  
  78  6:19  Overlord x2  
  78  6:23  Overlord x3, Drone  
  78  6:24  Hydralisk x3  
  85  6:26  Hydralisk  
  85  6:30  Hydralisk  
  89  6:37  Hydralisk x3  
  89  6:38  Hydralisk  
  97  6:46  Hydralisk x4  
  101  7:03  Drone x3  
  101  7:06  Drone  
  101  7:07  Hydralisk, Hatchery  
  105  7:10  Overlord x2  
  105  7:11  Zergling x10  
  110  7:16  Baneling  
  110  7:17  Baneling x8  
  110  7:24  Overlord  
  110  7:27  Hydralisk  
  110  7:28  Zergling x6  
  115  7:31  Zergling x6  
  114  7:47  Hydralisk x5  
  110  8:00  Hydralisk x4  
  110  8:01  Zergling x12  
  124  8:11  Hydralisk  
  124  8:12  Zergling x6  
  123  8:18  Hydralisk  
  123  8:19  Zergling x2  
  116  8:32  Hydralisk x5  
  124  8:35  Centrifical Hooks  
  124  8:37  Drone x4  
  124  8:38  Drone  
  127  8:42  Drone  
  127  8:45  Drone x3  
  127  8:46  Extractor  
  130  8:49  Drone  
  130  8:51  Hydralisk  
  130  8:52  Evolution Chamber, Hydralisk, Zergling x2  
  130  8:53  Zergling x4  
  130  8:54  Baneling  
  118  9:07  Hydralisk x7  
  116  9:14  Drone x2  
  118  9:18  Overlord x2  
  118  9:22  Hydralisk x5  
  118  9:23  Zergling x4  
  130  9:25  Overseer  
  130  9:28  Zergling x4  
  132  9:32  Spore Crawler  
  132  9:34  Zerg Melee Weapons Level 1  
  132  9:38  Hydralisk x2, Zergling x2  
  133  9:45  Drone  
  137  9:47  Drone x3, Hatchery  
  137  9:48  Hydralisk x2  
  137  9:49  Zergling x12  
  149  9:55  Zergling x2  
  149  9:56  Zergling x6  
  153  10:03  Evolution Chamber, Drone x2  
  153  10:06  Spire  
  153  10:16  Hydralisk, Zergling x4  
  153  10:17  Zergling x22  
  167  10:29  Overlord x4  
  166  10:40  Baneling x4  
  166  10:41  Baneling x23  
  166  10:47  Overlord x2  
  166  10:52  Hydralisk  
  166  10:53  Zergling x4  
  169  10:57  Hatchery  
  159  11:08  Drone x2  
  159  11:09  Drone x2  
  157  11:15  Hydralisk  
  157  11:16  Zergling x18  
  168  11:20  Hydralisk x3  
  168  11:21  Zergling x10  
  179  11:30  Hydralisk, Zergling x4  
  179  11:31  Zergling x2  
  184  11:33  Zerg Melee Weapons Level 2  
  184  11:34  Zerg Missile Weapons Level 1, Zerg Flyer Weapons Level 1  
  184  11:42  Extractor, Drone x3  
  184  11:43  Extractor, Drone x2  
  184  11:44  Drone x3  
  189  12:02  Hatchery  
  189  12:05  Drone  
  189  12:07  Infestation Pit  
  187  12:14  Drone x2  
  189  12:16  Baneling  
  189  12:17  Baneling x14  
  189  12:19  Hydralisk x2  
  189  12:20  Zergling x12  
  199  12:41  Hatchery  
  195  13:05  Hatchery  
  159  13:19  Corruptor x4  
  141  13:20  Corruptor x6  
  141  13:22  Zergling x2  
  141  13:23  Zergling x46  
  172  13:43  Corruptor x2  
  172  13:45  Zergling x14  
  181  13:55  Baneling x8  
  181  13:56  Baneling x7  
  181  14:02  Baneling x4  
  180  14:03  Zergling x2  
  180  14:04  Zergling x22  
  180  14:08  Drone x2  
  194  14:10  Drone  
  194  14:11  Drone  
  191  14:34  Corruptor x2  
  191  14:35  Corruptor  
  191  14:37  Drone x4  
  191  14:38  Drone x10  
  174  14:47  Corruptor x2  
  168  14:57  Hydralisk x3  
  168  14:58  Zergling x6  
  168  14:59  Zergling x18  
  182  15:15  Hatchery  
  182  15:20  Hive  
  181  15:25  Baneling x7  
  181  15:26  Baneling x5  
  181  15:27  Corruptor  
  185  15:30  Hydralisk  
  185  15:31  Zergling x16  
  192  15:42  Hydralisk x2  
  178  15:43  Zergling x10  
  172  15:58  Hydralisk  
  172  15:59  Zergling x16  
  151  16:06  Hydralisk x2  
  151  16:07  Zergling x12  
  146  16:18  Hydralisk  
  120  16:19  Zergling x12  
  100  16:28  Hydralisk x2, Zergling x2  
  100  16:29  Zergling x2  
  92  16:34  Hydralisk  
  92  16:35  Hydralisk, Zergling x2  
  90  16:52  Hydralisk  
  90  16:53  Hydralisk, Zergling x2  
  91  16:57  Hatchery  
  90  17:02  Baneling x11  
  90  17:06  Hydralisk  
  92  17:14  Hydralisk  
  92  17:15  Zergling x6  
  81  17:23  Hydralisk, Zergling x2  
  81  17:24  Zergling x2  
Tags
 
Add a new tag
Caveats
  • Supply blocks, unpowered buildings, or Contaminate may cause inaccurate times.
  • Supply counts are checked every 10 seconds.